 Dungeon Crawl Stone Soup version 0.29.1-1-gd02db6906a (webtiles) character file.

Game seed: 11457741543551620764

7 funnyparkerb the Cutter (level 2, 0/16 HPs)
             Began as a Vine Stalker Monk on Sept 28, 2022.
             Slain by a hobgoblin
             ... wielding a +0 short sword
              (1 damage)
             ... on level 2 of the Dungeon.
             The game lasted 00:01:08 (550 turns).

funnyparkerb the Cutter (Vine Stalker Monk)          Turns: 550, Time: 00:01:08

Health: 0/16       AC:  5    Str: 13    XL:     2   Next: 4%
Magic:  0/3        EV: 11    Int: 10    God:
Gold:   10         SH:  0    Dex: 16    Spells: 1/1 levels left

rFire   . . .      SeeInvis .   a - +0 dagger
rCold   . . .      Faith    .   (no shield)
rNeg    . . .      Spirit   +   d - +0 ring mail
rPois   .          Reflect  .   (no helmet)
rElec   .          Harm     .   (no cloak)
rCorr   .          Rampage  .   (no gloves)
Will    .....                   (no boots)
Stlth   ++........              (no amulet)
HPRegen 0.05/turn               (no ring)
MPRegen 0.08/turn               (no ring)

@: no status effects
A: fangs 2, magic shield, antimagic bite, no potion heal 2
a: no special abilities


You were on level 2 of the Dungeon.
You visited 1 branch of the dungeon, and saw 2 of its levels.

You collected 10 gold pieces.

Inventory:

Hand Weapons
 a - a +0 dagger (weapon)
Armour
 d - a +0 ring mail (worn)
Potions
 c - a potion of ambrosia


   Skills:
 - Level 2.6 Fighting
 + Level 3.2 Short Blades
 - Level 2.4 Dodging
 - Level 2.4 Stealth


You had one spell level left.
You didn't know any spells.
Your spell library contained the following spells:

 Spells                   Type           Power      Damage    Failure   Level
 Gell's Gravitas          Tloc           0%         N/A       94%         3
 Lesser Beckoning         Tloc           0%         N/A       94%         3
 Teleport Other           Tloc           0%         N/A       94%         3


Dungeon Overview and Level Annotations

Branches:
Dungeon (2/15)

Altars:


Innate Abilities, Weirdness & Mutations

You have extremely sharp teeth.
When hurt, damage is shared between your health and your magic reserves.
Your bite disrupts and absorbs the magic of your enemies.
Potions cannot restore your health.


Message History

You hit the ball python.
You kill the ball python!
You have reached level 2!
A hobgoblin comes into view. It is wielding a +0 short sword.
The hobgoblin shouts!
You hear an angry hiss.
A ball python comes into view.
You barely miss the hobgoblin.
You bite the hobgoblin, but do no damage.
You hit the hobgoblin but do no damage.
The hobgoblin hits you with a +0 short sword.
You are too injured to fight recklessly!
You closely miss the hobgoblin. Your bite misses the hobgoblin.
The hobgoblin hits you with a +0 short sword.
You hit the hobgoblin. Your bite misses the hobgoblin.
The hobgoblin is lightly wounded.
The hobgoblin barely misses you.
You closely miss the hobgoblin.
The hobgoblin is lightly wounded.
The hobgoblin hits you with a +0 short sword.
You closely miss the hobgoblin.
The hobgoblin is lightly wounded.
The hobgoblin hits you with a +0 short sword.
* * * LOW HITPOINT WARNING * * *
You hit the hobgoblin but do no damage.
The hobgoblin is lightly wounded.
The hobgoblin closely misses you.
You barely miss the hobgoblin. Your bite misses the hobgoblin.
The hobgoblin is lightly wounded.
The hobgoblin closely misses you.
You hit the hobgoblin but do no damage.
You bite the hobgoblin, but do no damage.
The hobgoblin is lightly wounded.
You hit the hobgoblin but do no damage.
The hobgoblin is lightly wounded.
The hobgoblin hits you with a +0 short sword.
Okay, then.
You aren't carrying any scrolls.
The hobgoblin attacks as you move away!
The hobgoblin hits you with a +0 short sword.
You die...

....... ..#..#
..... #####
...# #...###..#
#........#
#...###.###
###g####....
#..@.........
#.#.######.....
#.#.# #.....
#.#.# .....
#...# .....
#..## ... #..#
#.# #..# #.#
#..# #.#


You could see a hobgoblin.

Vanquished Creatures
  A ball python (D:2)
  A bat (D:1)
  An endoplasm (D:2)
  A goblin (D:2)
  A quokka (D:2)
  A rat (D:2)
6 creatures vanquished.

Notes
Turn   | Place    | Note
-------+----------+-------------------------------------------
     0 | D:1      | funnyparkerb the Vine Stalker Monk began the quest for the
                  | Orb.
     0 | D:1      | Reached XP level 1. HP: 11/11 MP: 2/2
   408 | D:2      | Reached skill level 3 in Short Blades
   510 | D:2      | Reached XP level 2. HP: 10/16 MP: 3/3
   550 | D:2      | Slain by a hobgoblin

Illustrated notes

Levels and vault maps discovered:
D:1:      dpeg_arrival_three_same_balls, layout_basic
D:2:      layout_loops_ring, chequers_serial_rivers_room_b, uniq_natasha

Skill      XL: |  1 |
---------------+----+-----
Short Blades   | 3 |  3.2
Fighting       | |  2.6
Dodging        | |  2.4
Stealth        | |  2.4

Action                   || total
-------------------------++-------
Melee: Dagger            ||    24
       Bite              ||     4
 Stab: Sleeping          ||     2
Armor: Ring mail         ||     2
Dodge: Dodged            ||    16
